 Dungeon Crawl Stone Soup version 0.29.0-15-g675c0067aa (webtiles) character file.

Game seed: 11030152503466709302

14538 LabCoat the Cleaver (level 12, -2/159 HPs)
             Began as a Hill Orc Fighter on Sept 11, 2022.
             Was a Priest of Trog.
             Killed from afar by a fire dragon (70 damage)
             ... with a blast of flame
             ... on level 10 of the Dungeon.
             The game lasted 00:43:52 (12552 turns).

LabCoat the Cleaver (Hill Orc Fighter)             Turns: 12552, Time: 00:43:53

Health: -2/159     AC: 19    Str: 30    XL:     12   Next: 17%
Magic:  12/12      EV:  6    Int:  8    God:    Trog [***...]
Gold:   241        SH: 15    Dex: 10    Spells: 11/11 levels left

rFire   x . .      SeeInvis .   s - +1 war axe
rCold   + . .      Faith    .   M - +0 kite shield
rNeg    . . .      Spirit   .   g - +0 plate armour
rPois   .          Reflect  +   A - +0 helmet
rElec   .          Harm     .   I - +1 cloak {rCorr}
rCorr   +          Rampage  .   (no gloves)
Will    ++...                   l - +0 pair of boots
Stlth   ..........              b - amulet of reflection
HPRegen 1.36/turn               o - +6 ring of strength
MPRegen 0.13/turn               z - ring of ice

@: berserking (expiring), strong-willed, regenerating, very quick
A: no striking features
a: Renounce Religion, Berserk, Trog's Hand


You were on level 10 of the Dungeon.
You worshipped Trog.
Trog was most pleased with you.
You visited 2 branches of the dungeon, and saw 12 of its levels.
You also visited: Ossuary.

You collected 568 gold pieces.
You spent 327 gold pieces at shops.

Inventory:

Hand Weapons
 m - a +3 flail
 p - a +0 battleaxe
 s - a +1 war axe (weapon)
 H - a +2 mace of draining
 K - a +0 morningstar
Missiles
 f - 41 poisoned darts (quivered)
 v - 3 boomerangs
 L - 3 javelins
Armour
 g - a +0 plate armour (worn)
 l - a +0 pair of boots (worn)
 A - a +0 helmet (worn)
 I - a +1 cloak of preservation (worn)
 M - a +0 kite shield (worn)
Jewellery
 b - an amulet of reflection (around neck)
 o - a +6 ring of strength (left hand)
 q - a ring of see invisible
 t - an amulet of regeneration
 z - a ring of ice (right hand)
Wands
 y - a wand of polymorph (4)
 C - a wand of paralysis (3)
Scrolls
 d - 3 scrolls of poison
 e - 2 scrolls of blinking
 h - 4 scrolls of enchant armour {unknown}
 j - a scroll of fog {unknown}
 k - a scroll of enchant weapon {unknown}
 n - 2 scrolls of magic mapping
 w - a scroll of immolation {unknown}
 x - a scroll of summoning {unknown}
 D - 2 scrolls of amnesia {unknown}
 N - a scroll of brand weapon {unknown}
Potions
 a - 3 potions of brilliance
 c - 4 potions of might
 i - 3 potions of magic
 r - 2 potions of cancellation
 u - a potion of haste {unknown}
 B - 2 potions of lignification
 E - 3 potions of flight
 F - a potion of ambrosia {unknown}
 G - 2 potions of degeneration {unknown}
 P - 2 potions of invisibility {unknown}


   Skills:
 + Level 10.1 Fighting
 * Level 14.8 Axes
 - Level 3.3 Throwing
 + Level 9.5 Armour
 + Level 9.5 Shields
 + Level 6.6 Evocations


You had 11 spell levels left.
You didn't know any spells.
Your spell library contained the following spells:

 Spells                   Type           Power      Damage    Failure   Level
 Apportation              Tloc           0%         N/A       100%        1
 Necrotise                Necr           0%         1d4       100%        1
 Summon Small Mammal      Summ           0%         N/A       100%        1
 Ensorcelled Hibernation  Hex/Ice        0%         N/A       100%        2
 Passwall                 Tmut/Erth      0%         N/A       100%        2
 Sublimation of Blood     Necr           0%         N/A       100%        2
 Conjure Flame            Conj/Fire      0%         6-21      100%        3
 Dazzling Flash           Conj/Hex       0%         N/A       100%        3
 Ignite Poison            Fire/Tmut/Pois 0%         N/A       100%        3
 Spider Form              Tmut/Pois      0%         N/A       100%        3
 Summon Guardian Golem    Hex/Summ       0%         N/A       100%        3
 Swiftness                Air            0%         N/A       100%        3
 Anguish                  Hex/Necr       0%         N/A       100%        4
 Iskenderun's Mystic Bla  Conj/Tloc      0%         2d3       100%        4
 Petrify                  Tmut/Erth      0%         N/A       100%        4
 Sticky Flame             Conj/Fire      0%         2d3       100%        4
 Irradiate                Conj/Tmut      0%         3d11      100%        5
 Starburst                Conj/Fire      0%         6d3       100%        6
 Orb of Destruction       Conj           0%         9d5       100%        7
 Spellforged Servitor     Conj/Summ      0%         N/A       100%        7


Dungeon Overview and Level Annotations

Branches:
Dungeon (11/15)            Temple (1/1) D:7             Orc (0/2) D:10
Ossuary (visited)
   Lair: D:8-11

Altars:
Ashenzari
Cheibriados
Dithmenos
Elyvilon
Fedhas
Gozag
Hepliaklqana
Kikubaaqudgha
Nemelex Xobeh
Okawaru
Ru
Sif Muna
Trog
Uskayaw
Wu Jian
Xom
The Shining One

Shops:
D:1 *   D:4 !   D:7 *   D:8 [

Annotations:
D:10 1 runed translucent door


Message History

You open the door.
A fire dragon and a wind drake come into view.
Found four items.
The fire dragon roars deafeningly!
The wind drake hisses angrily.
The wind drake exhales a fierce blast of wind!
There is an open door here.
Okay, then.
Your skin crawls.
You feel strong-willed.
A red film seems to cover your vision as you go berserk!
You feel yourself moving faster!
You feel mighty!
The fire dragon bites you but does no damage.
The fire dragon claws you but does no damage.
The fire dragon tramples you but does no damage.
You hit the fire dragon.
The fire dragon is lightly wounded.
You slash the wind drake! The fire dragon breathes flames at you.
The blast of flame hits you!!! The fire burns you terribly!
You block the wind drake's attack.
You slice the fire dragon!!
The fire dragon is moderately wounded.
You miss the wind drake.
The wind drake bites you but does no damage.
The fire dragon bites you. The fire dragon claws you.
The fire dragon tramples you.
You hold your ground!
You hit the fire dragon.
The fire dragon is moderately wounded.
You completely miss the wind drake. You closely miss the fire dragon.
The fire dragon is moderately wounded.
You slash the wind drake!
The wind drake exhales a fierce blast of wind!
You are blown backwards!
The wind drake flaps its wings at you. The air twists around and strikes you!
You feel a strong urge to attack something.
The fire dragon breathes flames at you. The blast of flame hits you!!!
The fire burns you terribly!
You die...

#########
)|#...).#
###)[#...#.#
#....#...#)#
#k...#...#.#######
#D####...#........
#@......(########.
#........# ##
#........# #
##########


You could see a fire dragon (catching breath) and a wind drake (catching
breath).

Vanquished Creatures
  Gastronok (D:9)
  A boulder beetle (D:10)
  A centaur warrior (D:10)
  3 two-headed ogres
  Nergalle (D:11)
  A skeletal warrior (D:10)
  Pikel (D:9)
  A cyclops (D:10)
  A manticore (D:11)
  7 trolls
  A slime creature (D:10)
  Sigmund (D:2)
  2 wraiths (Ossuary)
  A wyvern (D:11)
  3 yaks (D:8)
  Menkaure (D:4)
  2 water moccasins
  Duvessa (D:6)
  An ice beast (D:6)
  3 orc warriors
  4 sky beasts
  6 ogres
  A wolf (D:11)
  A centaur (D:10)
  2 lemures (D:9)
  3 phantoms
  6 kobold brigands
  Blork the orc (D:5)
  6 bullfrogs
  5 gnoll sergeants (D:10)
  Dowan (D:6)
  13 wights
  13 killer bees
  5 howler monkeys
  4 orc priests
  3 jellies
  A gnoll bouda (D:9)
  6 hounds
  Jessica (D:2)
  2 iguanas
  4 orc wizards
  8 gnolls
  8 adders
  2 shadow imps
  3 ufetubi
  An adder zombie (Ossuary)
  5 dart slugs
  36 orcs
  8 endoplasms
  8 giant cockroaches
  6 goblins
  7 hobgoblins
  5 jackals
  17 kobolds
  4 quokkas
  8 ball pythons
  2 ball python skeletons (Ossuary)
  4 bats
  A frilled lizard (D:1)
  2 hobgoblin skeletons (Ossuary)
  A hobgoblin zombie (Ossuary)
  A kobold zombie (Ossuary)
  2 orc zombies (Ossuary)
  6 rats
267 creatures vanquished.

Vanquished Creatures (others)
  3 fungi (D:5)
  2 withered plants (D:10)
5 creatures vanquished.

Grand Total: 272 creatures vanquished

Notes
Turn   | Place    | Note
-------+----------+-------------------------------------------
     0 | D:1      | LabCoat the Hill Orc Fighter began the quest for the Orb.
     0 | D:1      | Reached XP level 1. HP: 19/19 MP: 1/1
    64 | D:1      | Found Gyidafoh's Assorted Antiques.
    73 | D:1      | Reached skill level 3 in Axes
    79 | D:1      | Found a faded altar of an unknown god.
    85 | D:1      | Reached XP level 2. HP: 24/27 MP: 2/2
   683 | D:1      | Reached XP level 3. HP: 32/33 MP: 3/3
  1372 | D:2      | Noticed Jessica
  1378 | D:2      | Killed Jessica
  1379 | D:2      | Reached skill level 4 in Axes
  1379 | D:2      | Reached XP level 4. HP: 15/40 MP: 4/4
  1618 | D:2      | Noticed Sigmund
  1634 | D:2      | Killed Sigmund
  1635 | D:2      | Reached skill level 5 in Axes
  1635 | D:2      | Reached skill level 1 in Throwing
  1635 | D:2      | Reached XP level 5. HP: 6/47 MP: 5/5
  1635 | D:2      | Reached XP level 6. HP: 7/53 MP: 6/6
  2063 | D:2      | Identified the +4 ring mail of the Sultana {Int+2}
  3870 | D:4      | Found Inafif's Distillery.
  3990 | D:4      | Noticed Menkaure
  3998 | D:4      | Reached skill level 6 in Axes
  4007 | D:4      | Killed Menkaure
  4008 | D:4      | Reached skill level 5 in Fighting
  4008 | D:4      | Reached XP level 7. HP: 23/61 MP: 7/7
  4519 | D:5      | Entered Level 5 of the Dungeon
  4535 | D:5      | Reached skill level 5 in Shields
  4574 | D:5      | Found a sacrificial altar of Ru.
  4719 | D:5      | Reached skill level 7 in Axes
  4719 | D:5      | Reached skill level 5 in Armour
  4760 | D:5      | Reached XP level 8. HP: 46/69 MP: 8/8
  5316 | D:5      | Noticed Blork the orc
  5323 | D:5      | Killed Blork the orc
  5818 | D:6      | Reached skill level 8 in Axes
  5850 | D:6      | Found a sand-covered staircase.
  5878 | Ossuary  | Entered an ossuary
  6157 | Ossuary  | Noticed a flying skull
  6157 | Ossuary  | Noticed a wraith
  6164 | Ossuary  | Noticed a flying skull
  6168 | Ossuary  | Noticed a flying skull
  6213 | Ossuary  | Noticed a flying skull
  6221 | Ossuary  | Noticed a wraith
  6233 | Ossuary  | Killed a wraith
  6234 | Ossuary  | Reached skill level 1 in Evocations
  6267 | Ossuary  | Noticed a wraith
  6303 | Ossuary  | Killed a wraith
  6304 | Ossuary  | Reached XP level 9. HP: 46/78 MP: 9/9
  6433 | Ossuary  | Reached skill level 9 in Axes
  6773 | D:6      | Identified the +0 robe "Xegidelu" {Harm}
  7112 | D:6      | Noticed Dowan
  7113 | D:6      | Noticed Duvessa
  7117 | D:6      | Killed Dowan
  7130 | D:6      | Killed Duvessa
  7468 | D:7      | Found a staircase to the Ecumenical Temple.
  7683 | Temple   | Entered the Ecumenical Temple
  7702 | Temple   | Became a worshipper of Trog the Wrathful
  7743 | D:7      | Reached skill level 10 in Axes
  8079 | D:7      | Found Rikeg's Assorted Antiques.
  8141 | D:7      | Bought an embroidered cloak for 210 gold pieces
  8237 | D:7      | Found a snail-covered altar of Cheibriados.
  8249 | D:7      | Found a shimmering blue altar of Sif Muna.
  8334 | D:7      | Found a hide-covered altar of Uskayaw.
  8387 | D:7      | Found a glowing golden altar of the Shining One.
  8712 | D:8      | Reached XP level 10. HP: 82/86 MP: 10/10
  8725 | D:8      | Found a sparkling altar of Nemelex Xobeh.
  8763 | D:8      | Reached skill level 11 in Axes
  8783 | D:8      | Noticed a two-headed ogre
  8926 | D:8      | Reached * piety under Trog
  9146 | D:8      | Killed a two-headed ogre
  9186 | D:8      | Found Apexem's Antique Armour Emporium.
  9592 | D:9      | Noticed Pikel
  9601 | D:9      | Killed Pikel
  9602 | D:9      | Reached skill level 12 in Axes
  9828 | D:8      | Bought a helmet for 117 gold pieces
  9850 | D:9      | Noticed Gastronok
  9850 | D:9      | You fall into a shaft and drop 2 floors!
  9868 | D:11     | Noticed Nergalle
  9877 | D:11     | Killed Nergalle
  9933 | D:11     | Reached ** piety under Trog
  9983 | D:11     | Reached skill level 5 in Evocations
  9983 | D:11     | Reached XP level 11. HP: 95/95 MP: 11/11
 10018 | D:11     | Noticed a two-headed ogre
 10163 | D:11     | Noticed a manticore
 10171 | D:11     | Killed a manticore
 10172 | D:11     | Reached skill level 13 in Axes
 10251 | D:11     | Killed a two-headed ogre
 10261 | D:11     | Noticed a two-headed ogre
 10270 | D:11     | Killed a two-headed ogre
 10277 | D:10     | Entered Level 10 of the Dungeon
 10409 | D:10     | Found a runed translucent door.
 10675 | D:10     | Found a broken altar of Ashenzari.
 11345 | D:10     | Found a white marble altar of Elyvilon.
 11370 | D:10     | Identified the +6 ring mail of Shielding {rPois}
 11403 | D:10     | Found an ornate altar of the Wu Jian Council.
 11410 | D:10     | Found a shadowy altar of Dithmenos.
 11411 | D:10     | Found a shimmering altar of Xom.
 11411 | D:10     | Found a blossoming altar of Fedhas.
 11414 | D:10     | Found an opulent altar of Gozag.
 11471 | D:10     | Reached *** piety under Trog
 11522 | D:9      | Killed Gastronok
 11523 | D:9      | Reached skill level 14 in Axes
 12065 | D:9      | Found a hazy altar of Hepliaklqana.
 12131 | D:10     | Found a staircase to the Orcish Mines.
 12207 | D:10     | Noticed a cyclops
 12207 | D:10     | Noticed a centaur warrior
 12207 | D:10     | Noticed a boulder beetle
 12207 | D:10     | Noticed a skeletal warrior
 12210 | D:10     | Killed a cyclops
 12234 | D:10     | Killed a skeletal warrior
 12235 | D:10     | Reached XP level 12. HP: 75/106 MP: 12/12
 12244 | D:10     | HP: 1/106 [centaur warrior (9)]
 12250 | D:10     | HP: 3/106 [centaur warrior (1)]
 12251 | D:10     | Killed a centaur warrior
 12252 | D:10     | Reached skill level 10 in Fighting
 12254 | D:10     | Killed a boulder beetle
 12544 | D:10     | Noticed a fire dragon
 12552 | D:10     | Killed from afar by a fire dragon

Illustrated notes

Levels and vault maps discovered:
D:1:      co_arrival_square_in_a_square_in_a_square, layout_basic,
          ebering_ecumenical_altar_rust, serial_shops, shop
D:2:      layout_basic, eino_tiny_chamber, roderic_lattice_a, uniq_jessica,
          uniq_sigmund
D:3:      layout_loops_corners, grunt_decor_one_mirror
D:4:      layout_loops_ring, serial_shops, shop, patterned_corridor,
          uniq_menkaure
D:5:      cheibrodos_iron_armory, layout_layer_cave, nicolae_ru_awakened_eye,
          dreamdust_gnoll_farm, uniq_blork_the_orc
D:6:      minmay_angry_zag, layout_basic, nicolae_ossuary_entry_false_entrances,
          uniq_duvessa
D:7:      layout_basic, nicolae_overflow_crystal_walls,
          amethyst_overflow_temple_binary, tso_metal_star,
          minmay_temple_entry_statues, serial_shops, nicolae_diamond_shop,
          skrybe_limestone_x
D:8:      layout_loops_ring, nemelex_diamond_rough_becter, serial_shops,
          nicolae_shop_statue_plus, chequers_serial_rivers_room_b
D:9:      layout_cave_pools, mainiacjoe_overflow_alcove_2, uniq_pikel,
          uniq_gastronok
D:10:     minmay_shrinking_squares, layout_rooms,
          nicolae_elyvilon_peaceful_grove, amcnicky_altar_gilded, minitemple,
          kennysheep_orc_monster_closet_entryway, gammafunk_ghost_grave
D:11:     layout_basic, erik_lair_island, kennysheep_generic_room_5,
          uniq_josephine, uniq_nergalle
Temple:   nicolae_temple_superstar

Skill      XL: |  1  2  3  4  5  6  7  8  9 10 11 12 |
---------------+-------------------------------------+-----
Axes           | 3 4 5 6 7 8 10 12 14 | 14.8
Fighting       | 4 5 6 7 8 9 10 | 10.1
Throwing       | 1 2 3 |  3.3
Armour         | 4 5 6 7 8 9 |  9.5
Shields        | 4 5 6 7 8 9 |  9.5
Evocations     | 1 3 5 6 |  6.6

Action                   |  1- 3 |  4- 6 |  7- 9 | 10-12 || total
-------------------------+-------+-------+-------+-------++-------
Melee: War axe           |    68 |    92 |   250 |   385 ||   795
Throw: Dart              |    13 |    11 |    20 |    40 ||    84
       Boomerang         |       |    54 |    36 |       ||    90
       Javelin           |       |     5 |     9 |    14 ||    28
Invok: Berserk           |       |       |       |     3 ||     3
       Trog's Hand       |       |       |       |     2 ||     2
Evoke: Wand              |       |       |    18 |    48 ||    66
  Use: Scroll            |     2 |     4 |     4 |    10 ||    20
       Potion            |       |     2 |     5 |    14 ||    21
 Stab: Paralysed         |       |       |     8 |    19 ||    27
Armor: Scale mail        |    16 |       |       |       ||    16
       Plate armour      |    21 |    46 |   159 |   198 ||   424
Dodge: Dodged            |    21 |    11 |    93 |    97 ||   222
Block: Buckler           |    16 |    26 |    52 |    99 ||   193
       Kite shield       |       |       |       |    73 ||    73
       Reflection        |       |       |       |     6 ||     6
